 Dungeon Crawl Stone Soup version 0.27-a0-1147-gb3d8e82157 (webtiles) character file.

Game seed: 480499027278799350

3241 Kinoniko the Carver (level 9, 19/105 HPs)
             Began as a Black Draconian Berserker on May 12, 2021.
             Was a Priest of Trog.
             Quit the game in a bailey.
             The game lasted 00:13:04 (8555 turns).

Kinoniko the Carver (Black Draconian Berserker)     Turns: 8555, Time: 00:13:04

Health: 19/105     AC: 13    Str: 25    XL:     9   Next: 67%
Magic:  9/9        EV: 13    Int: 13    God:    Trog [***...]
Gold:   332        SH:  0    Dex: 12    Spells: 8/8 levels left

rFire    . . .     SeeInvis .   m - +7 short sword "Cookie Cutter" {vorpal, Str+5 Int+4 Stlth-}
rCold    . . .     Faith    .   (no shield)
rNeg     . . .     Spirit   .   (armour unavailable)
rPois    .         Reflect  .   (helmet restricted)
rElec    +         Harm     .   (no cloak)
rCorr    .         Rampage  .   b - +2 pair of gloves
Will     .....                  c - +2 pair of boots
Stlth    ..........             (no amulet)
HPRegen  0.27/turn              (no ring)
MPRegen  0.11/turn              (no ring)

@: berserking (expiring), lit by a corona, glowing, very quick
A: breathe lightning, AC +7, unfitting armour, electricity resistance,
cold-blooded
a: Breathe Lightning, Renounce Religion, Berserk, Trog's Hand


You were in a bailey.
You worshipped Trog.
Trog was most pleased with you.
You visited 1 branch of the dungeon, and saw 7 of its levels.
You also visited: Bailey.

You collected 332 gold pieces.

Inventory:

Hand Weapons
 a - a +0 falchion
 m - the +7 short sword "Cookie Cutter" (weapon) {vorpal, Str+5 Int+4 Stlth-}
   (You found it on level 7 of the Dungeon)

   It inflicts extra damage upon your enemies.
   It affects your strength (+5).
   It affects your intelligence (+4).
   It makes you less stealthy.
 v - a +0 long sword
Missiles
 B - 4 throwing nets
Armour
 b - a +2 pair of gloves (worn)
 c - a +2 pair of boots (worn)
Jewellery
 g - a ring of fire
 t - a ring of fire
 z - a ring of wizardry
Wands
 h - a wand of charming (10)
 r - a wand of flame (34)
 x - a wand of paralysis (5)
Scrolls
 i - a scroll of summoning
 j - a scroll of immolation
 o - a scroll of enchant armour
 w - 2 scrolls of teleportation
 y - a scroll of silence
 A - a scroll of fog {unknown}
Potions
 d - 2 potions of might
 e - 2 potions of magic
 f - a potion of lignification
 k - a potion of ambrosia
 l - a potion of cancellation
 n - a potion of attraction {unknown}
 p - 2 potions of berserk rage
 q - a potion of curing {unknown}
 s - 2 potions of flight {unknown}
 u - a potion of haste {unknown}


   Skills:
 - Level 3.3 Fighting
 * Level 12.8 Long Blades
 - Level 4.9 Dodging


You had 8 spell levels left.
You didn't know any spells.
Your spell library was empty.

Dungeon Overview and Level Annotations

Branches:
Dungeon (7/15)             Temple (0/1) D:6          Bailey (1/1)

Altars:
Kikubaaqudgha
Nemelex Xobeh
Vehumet
Wu Jian

Shops:
D:2 (   D:3 (


Innate Abilities, Weirdness & Mutations

You can breathe wild blasts of lightning.
Your glossy black scales are hard. (AC +7)
You cannot fit into any form of body armour.
You are resistant to electric shocks. (rElec)
You are cold-blooded and may be slowed by cold attacks.


Message History

The gnoll is almost dead.
The gnoll sergeant hits you from afar with a +0 glaive.
You barely miss the gnoll.
The gnoll is almost dead.
You hit the gnoll.
You kill the gnoll!
Trog accepts your kill. The gnoll sergeant closely misses you.
The gnoll shaman hits you but does no damage.
The gnoll sergeant completely misses you.
You puncture the gnoll sergeant!
Your tail-slap misses the gnoll sergeant.
The gnoll sergeant is almost dead.
The gnoll shaman closely misses you.
The gnoll shaman hits you but does no damage.
The gnoll sergeant completely misses you.
The gnoll misses you.
You puncture the gnoll sergeant!
The gnoll sergeant is heavily wounded.
The gnoll shaman calls upon its god to heal the gnoll sergeant.
The gnoll sergeant is healed somewhat.
The gnoll sergeant closely misses you.
The gnoll shaman hits you with a +0 spear.
You closely miss the gnoll sergeant.
The gnoll sergeant is severely wounded.
The gnoll sergeant hits you with a +0 halberd!
The gnoll barely misses you.
You hit the gnoll sergeant but do no damage.
The gnoll sergeant is severely wounded.
The gnoll shaman calls upon its god to heal the gnoll sergeant.
The gnoll sergeant is healed somewhat.
The gnoll sergeant completely misses you.
You hit the gnoll sergeant.
The gnoll sergeant is severely wounded.
The gnoll shaman hits you with a +0 spear!
* * * LOW HITPOINT WARNING * * *
You hit the gnoll sergeant.
You kill the gnoll sergeant!
Trog accepts your kill. The gnoll closely misses you.
The gnoll shaman barely misses you.
Are you sure you want to abandon this character and quit the game? (Confirm with "yes".)

................
.######'''######
#...#.
#...#'#####
#..)#.....#
##'##....8#
##)))##....#
##.....##gg.#
#.......#@.g#
#...8...#g).#
#.......#.).#
##.)...##...#
##...##)...#
##)##....8#
#...#)....#
+...'..).##
#...#...##


You could see a gnoll sergeant, 2 gnoll shamans and a gnoll.

Vanquished Creatures
  Pikel (D:6)
  Eustachio (D:4)
  A steam dragon (D:6)
  Menkaure (D:4)
  An orc warrior (D:6)
  2 sky beasts
  2 necrophages
  A black bear (D:6)
  A phantom (D:6)
  Blork the orc (D:4)
  2 bullfrogs
  4 gnoll sergeants (Bailey)
  2 scorpions
  2 wyvern skeletons
  2 water moccasin skeletons
  3 electric eels (D:6)
  A howler monkey (D:6)
  A centaur zombie (D:7)
  2 jellies
  7 hounds
  2 bullfrog skeletons (D:2)
  2 iguanas (D:4)
  Natasha (thrice) (D:4)
  3 hound skeletons (D:5)
  5 adders
  10 gnolls
  A shadow imp (D:6)
  A worm (D:2)
  11 dart slugs
  13 orcs
  4 ball pythons
  5 endoplasms
  5 giant cockroaches
  9 goblins
  7 hobgoblins
  3 jackals (D:4)
  5 quokkas
  3 bats
  8 frilled lizards
  9 kobolds
  7 rats
154 creatures vanquished.

Vanquished Creatures (collateral kills)
  2 gnoll shamans (Bailey)
  4 gnolls (Bailey)
6 creatures vanquished.

Vanquished Creatures (others)
  A dart slug (D:6)
1 creature vanquished.

Grand Total: 161 creatures vanquished

Notes
Turn   | Place    | Note
-------+----------+-------------------------------------------
     0 | D:1      | Kinoniko the Draconian Berserker began the quest for the
                  | Orb.
     0 | D:1      | Reached XP level 1. HP: 19/19 MP: 1/1
   310 | D:1      | Reached XP level 2. HP: 26/26 MP: 2/2
   557 | D:1      | Found a faded altar of an unknown god.
  1117 | D:1      | Reached XP level 3. HP: 31/31 MP: 3/3
  1326 | D:2      | Reached ** piety under Trog
  1327 | D:2      | Reached skill level 4 in Long Blades
  1431 | D:2      | Reached XP level 4. HP: 38/38 MP: 4/4
  1601 | D:2      | Found Casitz's Antique Weapon Boutique.
  1810 | D:2      | Reached skill level 5 in Long Blades
  1970 | D:3      | Reached XP level 5. HP: 43/45 MP: 5/5
  1986 | D:3      | Found Ygaiwn's Antique Weapon Boutique.
  2806 | D:4      | Reached XP level 6. HP: 28/51 MP: 6/6
  3067 | D:4      | Noticed Eustachio
  3085 | D:4      | Killed Eustachio
  3086 | D:4      | Reached skill level 6 in Long Blades
  3132 | D:4      | Noticed Blork the orc
  3144 | D:4      | Killed Blork the orc
  3152 | D:4      | Reached *** piety under Trog
  3153 | D:4      | Your scales start taking on a glossy black colour.
  3153 | D:4      | Reached XP level 7. HP: 47/57 MP: 7/7
  3153 | D:4      | Gained mutation: You are resistant to electric shocks.
                  | (rElec) [Black Draconian growth]
  3296 | D:4      | Noticed Menkaure
  3304 | D:4      | Killed Menkaure
  3305 | D:4      | Reached skill level 7 in Long Blades
  3691 | D:4      | Found a radiant altar of Vehumet.
  4146 | D:4      | Noticed Natasha
  4152 | D:4      | Killed Natasha
  4435 | D:4      | Noticed Natasha
  4443 | D:4      | Killed Natasha
  4697 | D:4      | Noticed Natasha
  4703 | D:4      | Killed Natasha
  4704 | D:4      | Reached skill level 8 in Long Blades
  4745 | D:5      | Entered Level 5 of the Dungeon
  5264 | D:5      | Reached XP level 8. HP: 63/63 MP: 8/8
  5347 | D:5      | Found a large runed translucent door.
  5348 | D:5      | Found a large runed translucent door.
  5392 | D:5      | Reached skill level 9 in Long Blades
  5510 | D:5      | Found an ornate altar of the Wu Jian Council.
  5986 | D:5      | Found an ancient bone altar of Kikubaaqudgha.
  5999 | D:5      | Found a sparkling altar of Nemelex Xobeh.
  6037 | D:6      | Noticed Pikel
  6246 | D:6      | Reached skill level 10 in Long Blades
  6730 | D:6      | Reached **** piety under Trog
  6743 | D:6      | Killed Pikel
  6744 | D:6      | Reached skill level 11 in Long Blades
  6744 | D:6      | Reached XP level 9. HP: 62/70 MP: 9/9
  7380 | D:6      | Found a staircase to the Ecumenical Temple.
  7392 | D:6      | Reached skill level 12 in Long Blades
  7911 | D:7      | Identified the +7 short sword "Cookie Cutter" {vorpal,
                  | Str+5 Int+4 Stlth-}
  7983 | D:7      | Found a flagged portal.
  8028 | Bailey   | Entered a bailey
  8555 | Bailey   | Quit the game

Illustrated notes

Levels and vault maps discovered:
D:1:      minmay_arrival_arboretum_small, layout_basic, basic_ecumenical_altar
D:2:      layout_loops_ring, serial_shops, shop
D:3:      layout_basic, serial_shops, nicolae_shop_crystal
D:4:      layout_layer_cave, nicolae_vehumet_altar_sigil, uniq_eustachio,
          uniq_blork_the_orc, uniq_menkaure, uniq_natasha
D:5:      layout_layer_cave, marbit_many_paths, jmf_multi_god_temple2
D:6:      kennysheep_slugbush, layout_layer_cave,
          minmay_temple_entry_sparse_star, grunt_decor_clamped, uniq_pikel
D:7:      layout_rooms, enter_bailey_4
Bailey:   bailey_polearm_gnolls_kennysheep, bailey

Skill      XL: |  1  2  3  4  5  6  7  8  9 |
---------------+----------------------------+-----
Dodging        | 3 4 |  4.9
Long Blades    | 4 5 6 8 11 12 | 12.8
Fighting       | |  3.3

Action                   |  1- 3 |  4- 6 |  7- 9 || total
-------------------------+-------+-------+-------++-------
Melee: Falchion          |    87 |   129 |    64 ||   280
       Tailslap          |    13 |    20 |    46 ||    79
       Long sword        |       |       |   188 ||   188
       Short sword       |       |       |    58 ||    58
Invok: Berserk           |     5 |     7 |    22 ||    34
       Brothers in Arms  |       |       |     2 ||     2
  Use: Scroll            |       |     8 |    10 ||    18
       Potion            |       |     2 |       ||     2
 Stab: Sleeping          |     1 |       |       ||     1
Armor: Skin              |    43 |    45 |   108 ||   196
Dodge: Dodged            |    54 |    81 |   175 ||   310
       Rpst.: Falchion   |    16 |    28 |     6 ||    50
       Long sword        |       |       |    23 ||    23

Table legend: (Time is in decaauts)
 A = Elapsed time spent in this place.
 B = Non-inter-level travel time spent in this place.
 C = Inter-level travel time spent in this place.
 D = Time resting spent in this place.
 E = Time spent auto-exploring this place.
 F = Levels seen in this place.
 G = Mean time per level.
                   A        B        C        D        E       F      G
               +--------+--------+--------+--------+--------+-----+--------+
         Total |   8874 |   8404 |    470 |   2746 |   4504 |   8 | 1109.2 |
       Dungeon |   8347 |   7877 |    470 |   2332 |   4491 |   7 | 1192.4 |
        Bailey |    527 |    527 |      0 |    413 |     13 |   1 |  527.0 |
               +--------+--------+--------+--------+--------+-----+--------+

Top non-repeatable levels by time:
     D:4: 2134 daAuts
     D:6: 1910 daAuts
     D:5: 1351 daAuts
     D:1: 1205 daAuts
     D:3: 820 daAuts
     D:2: 793 daAuts
  Bailey: 527 daAuts
     D:7: 132 daAuts
